 Dungeon Crawl Stone Soup version 0.27.1-1-g398f81649c (webtiles) character file.

Game seed: 14741830241541483885

910 a11behringer the Basher (level 7, -2/55 HPs)
             Began as a Palentonga Berserker on Sept 10, 2021.
             Was a Priest of Trog.
             Slain by a troll (4 damage)
             ... on level 5 of the Dungeon.
             The game lasted 00:26:00 (3978 turns).

a11behringer the Basher (Palentonga Berserker)      Turns: 3978, Time: 00:26:01

Health: -2/55      AC: 14    Str: 26    XL:     7   Next: 81%
Magic:  7/7        EV: 13    Int:  8    God:    Trog [***...]
Gold:   235        SH:  0    Dex: 11    Spells: 6/6 levels left

rFire    . . .     SeeInvis +   g - +2 whip (freeze)
rCold    . . .     Faith    .   (no shield)
rNeg     . . .     Spirit   .   q - +0 leather armour
rPois    .         Reflect  .   (no helmet)
rElec    .         Harm     .   (no cloak)
rCorr    .         Rampage  .   u - +2 pair of gloves
Will     .....                  (no barding)
Stlth    +.........             (no amulet)
HPRegen  0.18/turn              f - +6 ring of strength
MPRegen  0.10/turn              o - +4 ring of evasion

@: on berserk cooldown, slowed, curled up, very slow
A: large, rugged brown scales 3, see invisible, deformed body, roll 1, armoured
tail, reflexive curl
a: Rolling Charge, Renounce Religion, Berserk, Trog's Hand


You were on level 5 of the Dungeon.
You worshipped Trog.
Trog was most pleased with you.
You visited 1 branch of the dungeon, and saw 5 of its levels.
You also visited: Sewer.

You collected 235 gold pieces.

Inventory:

Hand Weapons
 a - a +0 mace
 e - a +3 short sword
 g - a +2 whip of freezing (weapon)
 h - a +2 great mace of draining
 m - a +0 flail of protection
Armour
 b - a +0 animal skin
 q - a +0 leather armour (worn)
 t - a +0 chain mail
 u - a +2 pair of gloves (worn)
Jewellery
 f - a +6 ring of strength (left hand)
 o - a +4 ring of evasion (right hand)
Scrolls
 d - a scroll of fog
 l - 3 scrolls of teleportation
 p - a scroll of enchant armour {unknown}
 r - 2 scrolls of identify
 s - a scroll of amnesia {unknown}
Potions
 c - a potion of degeneration
 i - 3 potions of flight
 k - 2 potions of curing


   Skills:
 - Level 3.0 Fighting
 * Level 9.5 Maces & Flails
 - Level 1.5 Armour
 - Level 1.5 Dodging


You had 6 spell levels left.
You didn't know any spells.
Your spell library was empty.

Dungeon Overview and Level Annotations

Branches:
Dungeon (5/15)              Sewer (visited)
 Temple: D:4-7

Altars:


Innate Abilities, Weirdness & Mutations

You are completely covered in rugged brown scales. (AC +3, +7% HP)
You have supernaturally acute eyesight. (SInv)
Armour fits poorly on your strangely shaped body.
You can roll at nearby foes to attack.
You have a long armoured tail.
You curl defensively after being hit.


Message History

There is an open door here.
Items here: )) ††.
A gnoll comes into view. It is wielding a +0 halberd.
Items here: ))) ? [[ †.
You feel the effects of Trog's Hand fading.
Your skin stops crawling.
You feel less strong-willed. The troll bites you!
The troll claws you but does no damage. The troll claws you.
Okay, then.
You completely miss the troll. The troll barely misses you.
The troll claws you. The troll claws you!
You closely miss the troll.
Your tail-slap misses the troll.
The troll barely misses you. The troll claws you.
* * * LOW HITPOINT WARNING * * *
The troll claws you!
* * * LOW HITPOINT WARNING * * *
You whack the troll! You freeze the troll.
The troll is moderately wounded.
The troll barely misses you. The troll closely misses you. x2
You hit the troll but do no damage.
You tail-slap the troll, but do no damage.
The troll is moderately wounded.
The troll bites you.
* * * LOW HITPOINT WARNING * * *
The troll claws you.
* * * LOW HITPOINT WARNING * * *
The troll closely misses you.
You feel much better. The troll closely misses you. The troll claws you!
* * * LOW HITPOINT WARNING * * *
The troll claws you but does no damage.
You barely miss the troll.
The troll is lightly wounded.
The troll misses you. The troll barely misses you. The troll claws you.
* * * LOW HITPOINT WARNING * * *
You closely miss the troll.
The troll is lightly wounded.
The troll bites you!
* * * LOW HITPOINT WARNING * * *
The troll claws you but does no damage. The troll claws you.
You die...

#.........# #.......#
#..)..# ##...## ##)##
#)# #.#
#######.#######
#.@T...........
#.###...≈≈≈≈..≈
.######.####.≈.≈.≈≈≈≈
................≈.≈.♣.
#######.#####≈≈≈.≈.♣.≈
#.# #......≈♣#
#.#####≈≈≈≈♣≈≈.≈
#........#.≈≈≈≈.
#######.≈≈≈≈≈≈.#


You could see a troll.

Vanquished Creatures
  A water moccasin (D:5)
  An orc warrior (D:5)
  An ogre (D:5)
  A kobold brigand (Sewer)
  A water moccasin skeleton (D:4)
  2 orc priests
  A jelly (D:5)
  Natasha (D:4)
  An iguana (D:4)
  4 orc wizards
  Robin (D:3)
  2 adders
  7 gnolls
  A howler monkey skeleton (D:4)
  3 river rats (Sewer)
  A shadow imp (D:5)
  A white imp (D:5)
  2 worms (D:4)
  4 dart slugs
  12 orcs
  4 ball pythons
  5 bats
  7 endoplasms
  7 giant cockroaches
  12 goblins
  11 hobgoblins
  2 jackals (Sewer)
  7 quokkas
  2 frilled lizards (D:1)
  13 kobolds
  5 rats
123 creatures vanquished.

Notes
Turn   | Place    | Note
-------+----------+-------------------------------------------
     0 | D:1      | a11behringer the Palentonga Berserker began the quest for
                  | the Orb.
     0 | D:1      | Reached XP level 1. HP: 19/19 MP: 1/1
    38 | D:1      | Found a faded altar of an unknown god.
    69 | D:1      | Reached XP level 2. HP: 18/25 MP: 2/2
   343 | D:1      | Reached skill level 4 in Maces & Flails
   683 | D:1      | Reached XP level 3. HP: 31/31 MP: 3/3
   887 | D:2      | Reached ** piety under Trog
  1238 | D:3      | Reached skill level 5 in Maces & Flails
  1238 | D:3      | Reached XP level 4. HP: 37/37 MP: 4/4
  1305 | D:3      | Noticed Robin
  1315 | D:3      | Killed Robin
  1620 | D:3      | Reached XP level 5. HP: 43/43 MP: 5/5
  1628 | D:3      | Reached skill level 6 in Maces & Flails
  2875 | D:4      | Reached XP level 6. HP: 50/50 MP: 6/6
  2887 | D:4      | Noticed Natasha
  2893 | D:4      | Reached skill level 7 in Maces & Flails
  2906 | D:4      | Killed Natasha
  3030 | D:4      | Identified a scroll of acquirement
  3030 | D:4      | Acquired a +2 great mace of draining
  3198 | D:4      | Reached *** piety under Trog
  3272 | D:5      | Entered Level 5 of the Dungeon
  3324 | D:5      | Found a glowing drain.
  3340 | Sewer    | Entered a sewer
  3351 | Sewer    | Reached skill level 8 in Maces & Flails
  3353 | Sewer    | Gained mutation: You curl defensively after being hit.
                  | [Palentonga growth]
  3353 | Sewer    | Reached XP level 7. HP: 55/55 MP: 7/7
  3470 | Sewer    | Found a white marble altar of Elyvilon.
  3899 | D:5      | Reached skill level 9 in Maces & Flails
  3959 | D:5      | Noticed a troll
  3978 | D:5      | HP: 2/55 [troll (8)]
  3978 | D:5      | Slain by a troll

Illustrated notes

Levels and vault maps discovered:
D:1:      heliophobic_arrival_glass_houses, layout_rooms,
          ebering_ecumenical_altar_webs, serial_park_tiny_2
D:2:      layout_rooms, minmay_split_cup_small
D:3:      layout_loops_ring, uniq_robin
D:4:      layout_cave_pods, uniq_natasha
D:5:      minmay_spotlight, layout_loops_corners, gup_sewer_entry_pipe,
          chequers_serial_rivers_micro_c, st_stairs_1,
          chequers_serial_rivers_marsh

Skill      XL: |  1  2  3  4  5  6  7 |
---------------+----------------------+-----
Maces & Flails | 4 5 6 8 9 |  9.5
Fighting       | |  3.0
Armour         | |  1.5
Dodging        | |  1.5

Action                   |  1- 3 |  4- 6 |  7- 9 || total
-------------------------+-------+-------+-------++-------
Melee: Mace              |    71 |       |       ||    71
       Tailslap          |     8 |    21 |    13 ||    42
       Whip              |    25 |   136 |    70 ||   231
Invok: Berserk           |     2 |     3 |     1 ||     6
       Trog's Hand       |     1 |     2 |     2 ||     5
 Abil: Rolling Charge    |     8 |     2 |       ||    10
  Use: Scroll            |       |     7 |     1 ||     8
       Potion            |       |       |     1 ||     1
Armor: Animal skin       |    36 |    10 |       ||    46
       Leather armour    |       |    12 |     8 ||    20
Dodge: Dodged            |    38 |    61 |    30 ||   129
